Map: Jagannatha LE

Players

Demi - Winner!

  • Race: Zerg Zerg
  • League: Grandmaster

oOMeomaikAOo (MeomaikA)

  • Race: Zerg Zerg
  • League: Grandmaster

Event: DreamHack SC2 Masters 2021 Summer

VOD

Have the link to the VOD?

Description

Time

  • Played on: May 20, 2021, 4:14 a.m.
  • Length: 9:18

All games in this series

Show
View Real Time Build Order
Export as new Build Order

Demi Zerg - Winner!

Build Orders: Hatch First 

Get SALT Encoding   

  12  0:00  Drone  
  13  0:12  Overlord  
  13  0:17  Drone  
  14  0:30  Drone x2  
  16  0:48  Hatchery  
  15  0:52  Drone  
  15  0:56  Drone  
  17  1:00  Drone  
  18  1:10  Extractor  
  17  1:14  Spawning Pool  
  17  1:17  Drone  
  17  1:20  Drone  
  18  1:28  Drone  
  19  1:40  Overlord  
  19  2:00  Zergling x2  
  19  2:01  Queen x2, Zergling x4  
  26  2:11  Zergling x4  
  28  2:22  Zergling x4  
  28  2:35  Drone  
  27  2:41  Drone  
  27  2:44  Drone x2  
  30  2:54  Overlord  
  30  2:56  Drone  
  31  3:08  Drone x2  
  31  3:09  Metabolic Boost  
  31  3:11  Drone  
  34  3:14  Drone  
  34  3:15  Drone  
  34  3:18  Drone  
  34  3:19  Drone  
  38  3:22  Drone  
  39  3:30  Drone x2  
  40  3:36  Drone x2  
  42  3:42  Spine Crawler, Overlord  
  41  3:49  Overlord  
  41  3:50  Extractor  
  41  3:52  Zergling x4  
  42  3:58  Drone  
  43  4:03  Lair  
  43  4:05  Drone x3  
  43  4:09  Zergling x2  
  47  4:14  Drone x2  
  47  4:18  Drone x4  
  47  4:21  Extractor  
  50  4:25  Extractor, Drone x2  
  50  4:26  Overlord  
  50  4:28  Zergling x2  
  50  4:29  Zergling x2  
  53  4:37  Overlord  
  53  4:47  Drone x2  
  53  4:51  Zergling x8  
  59  4:56  Overlord  
  59  5:00  Spire  
  59  5:01  Overseer  
  59  5:05  Drone x2  
  59  5:09  Spine Crawler  
  59  5:10  Overlord  
  58  5:14  Drone  
  58  5:18  Spine Crawler  
  58  5:21  Drone  
  58  5:22  Overlord  
  58  5:34  Spine Crawler  
  56  5:47  Spine Crawler  
  55  5:56  Drone x2  
  57  5:57  Spine Crawler  
  57  6:00  Spine Crawler  
  55  6:13  Mutalisk x8  
  71  6:22  Mutalisk  
  73  6:28  Mutalisk  
  75  6:34  Mutalisk  
  76  6:44  Mutalisk  
  75  6:48  Zergling x14  
  82  6:57  Mutalisk  
  82  6:59  Overlord x3  
  84  7:07  Overlord x2  
  84  7:18  Mutalisk x2  
  84  7:22  Mutalisk  
  90  7:28  Spine Crawler  
  90  7:29  Spine Crawler, Mutalisk  
  90  7:32  Drone x3  
  93  7:42  Mutalisk  
  94  7:50  Overlord x3  
  94  7:51  Overlord  
  93  7:54  Mutalisk  
  95  8:00  Hydralisk Den  
  95  8:05  Drone x2  
  95  8:06  Drone  
  95  8:10  Spine Crawler  
  93  8:19  Spine Crawler  
  87  8:27  Zergling x2  
  87  8:28  Zergling x16  
  87  8:33  Zergling x2  
  87  8:34  Zergling x4  
  92  8:51  Zergling x6  
  93  8:59  Zergling x4  
  96  9:11  Hatchery  
Show
View Real Time Build Order
Export as new Build Order

oOMeomaikAOo Zerg 

Build Orders: Pool First, Roach Nydus 

Get SALT Encoding   

  12  0:19  Spawning Pool  
  11  0:24  Drone  
  12  0:28  Drone  
  12  0:32  Drone  
  14  0:42  Overlord  
  14  1:05  Queen  
  14  1:06  Zergling x4  
  14  1:07  Zergling x2  
  19  1:17  Zergling x2  
  20  1:28  Zergling x2  
  21  1:40  Hatchery  
  21  1:43  Drone  
  21  1:51  Drone  
  22  2:00  Overlord  
  22  2:03  Extractor  
  21  2:12  Drone  
  21  2:15  Overlord  
  22  2:18  Queen  
  22  2:20  Drone  
  25  2:23  Drone  
  25  2:26  Drone  
  26  2:36  Drone  
  27  2:46  Drone x3  
  27  2:48  Drone  
  31  2:53  Drone  
  32  2:59  Drone  
  32  3:03  Drone  
  34  3:06  Roach Warren  
  34  3:10  Drone  
  34  3:15  Metabolic Boost  
  34  3:18  Extractor  
  33  3:20  Drone x2  
  33  3:25  Drone  
  36  3:31  Drone x4  
  41  3:35  Overlord  
  41  3:41  Drone x2  
  43  3:58  Drone x3  
  43  3:59  Extractor  
  43  4:01  Drone, Hatchery  
  45  4:06  Lair  
  45  4:08  Drone  
  46  4:11  Drone x2  
  46  4:13  Drone  
  46  4:19  Zergling x2  
  46  4:20  Zergling x4  
  46  4:22  Zergling x4  
  46  4:24  Zergling x2  
  51  4:28  Extractor  
  51  4:31  Queen  
  50  4:37  Overlord  
  52  4:39  Overlord  
  52  4:40  Overlord  
  52  4:44  Overlord  
  52  4:46  Overlord  
  52  4:56  Roach x4  
  52  4:59  Roach  
  62  5:02  Roach  
  62  5:04  Roach  
  62  5:06  Roach  
  67  5:10  Roach  
  67  5:13  Roach  
  67  5:14  Roach  
  72  5:18  Queen  
  73  5:24  Queen  
  75  5:32  Roach  
  75  5:34  Nydus Network  
  76  5:43  Queen  
  76  5:47  Roach x2  
  76  5:49  Roach  
  84  5:52  Roach  
  84  5:54  Queen, Overlord  
  88  5:59  Queen  
  90  6:05  Roach x2  
  94  6:15  Roach  
  94  6:16  Roach x3  
  102  6:26  Nydus Canal  
  102  6:27  Roach  
  104  6:35  Queen  
  104  6:37  Queen  
  105  6:51  Queen, Overlord x2  
  101  7:02  Spore Crawler x2  
  101  7:03  Spore Crawler x2  
  97  7:09  Roach  
  97  7:10  Queen  
  97  7:13  Roach  
  105  7:15  Roach  
  105  7:18  Roach  
  105  7:20  Ravager x2  
  105  7:21  Ravager  
  110  7:25  Roach  
  110  7:27  Queen  
  108  7:51  Overlord x4  
  106  7:59  Ravager  
  106  8:00  Ravager x3  
  108  8:09  Queen x2  
  112  8:13  Roach x4  
  115  8:23  Spore Crawler  
  115  8:24  Spore Crawler  
  101  8:28  Roach  
  67  8:57  Spore Crawler  
  67  8:58  Nydus Canal, Spore Crawler  
  67  8:59  Spore Crawler x2  
  67  9:00  Spore Crawler  
Tags
 
Add a new tag
Caveats
  • Supply blocks, unpowered buildings, or Contaminate may cause inaccurate times.
  • Supply counts are checked every 10 seconds.